AoeStats
← cap buscapina 58

Arena

506736463Analyzed
4v4 RM · 16d ago on Sep 14, 2026· 52m 13s· 8 players
Game mode
Random Map
Map size
Large (8 player)
Population
200
Speed
Normal
Resources
Standard
Victory
Conquest
Starting age
Dark Age
Ending age
Imperial Age
RankedLock teamsTeams togetherTeam positionsShared explorationLock speedFull tech treeHidden civsTurbo modeCheats
Victory
Defeat
🇧🇭 Malay · Bahrain
797
+13
🇬🇧 Slavs · United Kingdom
786
+13
🇺🇸 Hindustanis · United States
773
+13
🇺🇸 Celts · United States
634
+20
🇮🇳 Magyars · India
741
-16
🇩🇪 Franks · Germany
724
-15
🇦🇷 Bulgarians · Argentina
722
-15
🇬🇧 Romans · United Kingdom
673
-13
cap buscapina 58
11:28 Feudal Age
12:38 Horse Collar
12:47 Double-Bit Axe
14:51 Wheelbarrow
17:50 Gold Mining
17:54 Stone Mining
21:19 Castle Age
20:14 Forging
20:05 Scale Mail Armor
23:01 Bow Saw
23:06 Scale Barding Armor
29:00 Heavy Plow
30:17 Chain Mail Armor
30:39 Iron Casting
30:25 Chain Barding Armor
38:12 Gold Shaft Mining
37:35 Pikeman
41:54 Imperial Age
43:22 Halberdier
48:32 Plate Mail Armor
jsx_001
3:07 Loom
12:49 Feudal Age
15:21 Double-Bit Axe
18:15 Castle Age
19:16 Bow Saw
20:43 Horse Collar
24:12 Stone Mining
25:18 Pikeman
27:45 Scale Mail Armor
28:18 Squires
31:00 Chain Mail Armor
32:02 Forging
35:28 Iron Casting
34:44 Fletching
36:50 Town Watch
40:54 Imperial Age
43:03 Crossbowman
48:19 Murder Holes
48:45 Ballistics
49:57 Halberdier
xxbysnipxx
11:06 Feudal Age
15:52 Castle Age
16:59 Double-Bit Axe
24:54 Horse Collar
30:59 Imperial Age
29:06 Wheelbarrow
28:27 Gold Mining
28:28 Stone Mining
29:48 Heavy Plow
29:53 Corvinian Army
30:40 Caravan
30:30 Pikeman
31:56 Hand Cart
31:30 Onager
33:14 Gold Shaft Mining
32:58 Halberdier
35:53 Crop Rotation
35:44 Bow Saw
35:31 Elite Magyar Huszar
36:39 Conscription
38:16 Recurve Bow
41:54 Scale Barding Armor
41:50 Scale Mail Armor
41:41 Fletching
41:51 Padded Archer Armor
43:20 Heavy Cavalry Archer
44:25 Parthian Tactics
44:06 Thumb Ring
julian_venom
12:45 Feudal Age
13:21 Double-Bit Axe
13:29 Gold Mining
13:34 Stone Mining
14:40 Wheelbarrow
22:14 Castle Age
24:07 Bow Saw
25:18 Hand Cart
25:49 Gold Shaft Mining
33:08 Husbandry
35:15 Caravan
43:49 Imperial Age
45:01 Elite Throwing Axeman
49:39 #83
F o r k B e a r d
8:24 Loom
11:02 Feudal Age
15:56 Castle Age
13:52 Double-Bit Axe
14:42 Horse Collar
16:31 Wheelbarrow
17:58 Bow Saw
28:19 Fortified Wall
29:02 Heavy Plow
31:58 Imperial Age
29:45 Hand Cart
30:32 Caravan
31:07 Stone Mining
31:10 Gold Mining
33:23 Ballistics
33:01 Murder Holes
33:36 Town Watch
33:54 Shatagni
34:15 Conscription
34:31 Hoardings
34:04 Scale Barding Armor
34:09 Forging
36:31 Two-Man Saw
34:57 Heavy Camel Rider
35:38 Husbandry
35:48 Bloodlines
36:01 Chain Barding Armor
36:17 Iron Casting
36:23 Town Patrol
37:20 Plate Barding Armor
36:54 Grand Trunk Road
37:10 Imperial Camel Rider
39:20 Blast Furnace
38:58 Coinage
38:33 Scale Mail Armor
42:14 Light Cavalry
43:11 Chain Mail Armor
42:57 Padded Archer Armor
42:47 Fletching
42:19 Pikeman
42:59 Squires
42:45 Arson
43:00 Herbal Medicine
43:18 Masonry
46:51 Leather Archer Armor
46:32 Bodkin Arrow
45:58 Man-at-Arms
49:05 Banking
51:28 Siege Engineers
51:14 Guard Tower
52:25 Chemistry
boxenoxen
0:33 Loom
12:21 Feudal Age
12:47 Double-Bit Axe
12:45 Horse Collar
15:53 Forging
17:38 Scale Mail Armor
20:41 Castle Age
20:21 Gold Mining
20:27 Stone Mining
21:41 Bow Saw
23:08 Iron Casting
22:50 Chain Mail Armor
22:26 Gambesons
24:14 Wheelbarrow
23:25 Town Watch
25:27 Hand Cart
25:29 Pikeman
25:58 Arson
27:21 Heavy Plow
28:29 Town Patrol
29:08 Scale Barding Armor
30:46 Elite Skirmisher
31:31 Fletching
31:42 Padded Archer Armor
31:54 Stronghold
32:02 Treadmill Crane
32:33 Fortified Wall
32:18 Murder Holes
32:34 Masonry
32:45 Ballistics
39:55 Imperial Age
37:49 Chain Barding Armor
37:45 Leather Archer Armor
39:24 Caravan
39:47 Bodkin Arrow
42:41 Conscription
42:32 Furor Celtica
42:58 Hoardings
41:44 Elite Woad Raider
44:16 Blast Furnace
43:47 Plate Mail Armor
43:47 Ring Archer Armor
43:33 Heavy Scorpion
46:38 Halberdier
51:15 Siege Engineers
50:56 Arrowslits
52:11 Chemistry
sam.pidgeon
2:11 Loom
14:12 Feudal Age
14:42 Double-Bit Axe
17:27 Stone Mining
17:31 Gold Mining
21:37 Castle Age
22:30 Caravan
22:22 Horse Collar
23:20 Gold Shaft Mining
22:58 Bow Saw
24:40 Scale Barding Armor
25:40 Man-at-Arms
26:24 Scale Mail Armor
28:06 Wheelbarrow
27:52 Husbandry
29:55 Ballistics
29:32 Fletching
30:31 Bloodlines
30:32 Padded Archer Armor
31:04 Murder Holes
31:12 Town Watch
35:54 Imperial Age
33:29 Squires
33:05 Long Swordsman
33:35 Pikeman
35:17 Detinets
35:31 Masonry
36:59 Druzhina
36:23 Two-Handed Swordsman
37:23 Forging
37:42 Capped Ram
39:41 Heavy Plow
40:36 Siege Ram
42:10 Halberdier
43:08 Chain Mail Armor
43:29 Iron Casting
44:59 Champion
46:25 Plate Mail Armor
46:56 Blast Furnace
47:08 Elite Boyar
50:38 Conscription
50:57 Hand Cart
50:45 Town Patrol
51:58 Two-Man Saw
51:32 Crop Rotation
52:48 Hoardings
52:46 Chain Barding Armor
52:42 Leather Archer Armor
52:23 Bodkin Arrow
Chrisalqallaf
6:08 Loom
18:39 Feudal Age
21:39 Castle Age
20:37 Forging
20:21 Double-Bit Axe
20:22 Horse Collar
30:11 Iron Casting
31:36 Wheelbarrow
34:32 Scale Barding Armor
36:07 Hand Cart
36:00 Heavy Plow
37:34 Fletching
39:03 Gold Mining
39:03 Stone Mining
39:41 Arson
39:56 Squires
43:01 Imperial Age
43:28 Husbandry
44:33 Conscription
44:42 Elite Battle Elephant
48:09 Blast Furnace
49:58 Capped Ram
53:08 Conscription
Connection lost

Rejoining the realm…

Still unreachable

The connection could not be restored.

Session expired

The server has moved on; the page needs a fresh start.